 Dungeon Crawl Stone Soup version 0.28-a0-533-g9f97627e2a (webtiles) character file.

Game seed: 17370066963918406948

86 heikuro the Covered (level 4, -7/37 HPs)
             Began as a Formicid Fighter on Sept 26, 2021.
             Mangled by a gnoll (10 damage)
             ... on level 2 of the Dungeon.
             The game lasted 00:03:23 (2072 turns).

heikuro the Covered (Formicid Fighter)              Turns: 2072, Time: 00:03:24

Health: -7/37      AC:  7    Str: 21    XL:     4   Next: 77%
Magic:  4/4        EV:  9    Int:  8    God:
Gold:   89         SH:  4    Dex: 10    Spells: 3/3 levels left

rFire   . . .      SeeInvis +   a - +0 war axe
rCold   . . .      Faith    .   c - +0 buckler
rNeg    . . .      Spirit   .   b - +0 scale mail
rPois   .          Reflect  .   (helmet unavailable)
rElec   .          Harm     .   (no cloak)
rCorr   .          Rampage  .   (no gloves)
Will    .....                   (no boots)
Stlth   ..........              (no amulet)
HPRegen 0.12/turn               (no ring)
MPRegen 0.09/turn               (no ring)

@: no status effects
A: permanent stasis, dig shafts and tunnels, antennae 3, four strong arms
a: Dig, Shaft Self


You were on level 2 of the Dungeon.
You visited 1 branch of the dungeon, and saw 3 of its levels.

You collected 89 gold pieces.

Inventory:

Hand Weapons
 a - a +0 war axe (weapon)
Missiles
 p - a throwing net
Armour
 b - a +0 scale mail (worn)
 c - a +0 buckler (worn)
Jewellery
 r - an amulet of faith
Scrolls
 j - a scroll of fear {unknown}
 k - a scroll of identify {unknown}
 m - a scroll of noise {unknown}
 n - a scroll of blinking {unknown}
 o - 2 scrolls of teleportation {unknown}
 q - a scroll of summoning {unknown}
 s - a scroll of magic mapping {unknown}
Potions
 d - a potion of might
 e - a potion of haste {unknown}
 f - a potion of degeneration {unknown}
 g - a potion of mutation {unknown}
 h - a potion of curing {unknown}
 i - a potion of heal wounds {unknown}
 l - a potion of attraction {unknown}


   Skills:
 + Level 3.9 Fighting
 - Level 3.2(3.3) Axes
 * Level 1.1(2.3) Polearms
 + Level 4.0 Armour
 - Level 3.6 Shields


You had 3 spell levels left.
You didn't know any spells.
Your spell library contained the following spells:

 Spells                   Type           Power      Damage    Failure   Level
 Sandblast                Erth           0%         2d4       75%         1
 Passwall                 Tmut/Erth      0%         N/A       86%         2
 Stone Arrow              Conj/Erth      0%         3d7       98%         3


Dungeon Overview and Level Annotations

Branches:
Dungeon (3/15)

Altars:

Shops:
D:2 !(*


Innate Abilities, Weirdness & Mutations

You cannot be hasted, slowed, berserked, paralysed or teleported.
You can dig through walls and to a lower floor.
You have a pair of large antennae on your head. (SInv)
Your four strong arms can wield two-handed weapons with a shield.


Message History

You kill the endoplasm!
No target in view!
No target in view!
Found Qemey's Distillery.
There is an entrance to Qemey's Distillery here.
You can access your shopping list by pressing '$'.
There is an open door here.
There is an open door here.
You open the door.
The gnoll shouts!
You sense a monster nearby.
A gnoll is nearby!
A worm comes into view.
There is an open door here.
The gnoll hits you from afar with a +0 halberd.
The gnoll hits you with a +0 halberd!
You hit the gnoll.
The gnoll is moderately wounded.
The gnoll barely misses you.
You barely miss the gnoll.
The gnoll is moderately wounded.
The gnoll barely misses you. The gnoll misses you.
You hit the gnoll.
The gnoll is heavily wounded.
The gnoll hits you with a +0 halberd!
You closely miss the gnoll.
The gnoll is moderately wounded.
The gnoll completely misses you.
You hit the gnoll but do no damage.
The gnoll is moderately wounded.
You slash the worm! The gnoll hits you with a +0 halberd.
* * * LOW HITPOINT WARNING * * *
The gnoll hits you with a +0 halberd.
* * * LOW HITPOINT WARNING * * *
The worm bites you.
* * * LOW HITPOINT WARNING * * *
You closely miss the gnoll.
The gnoll is moderately wounded.
You hit the worm. The gnoll hits you with a +0 halberd!
You die...

...#'## #...# #...#
...[..# #...# #...#
......#####...#####...#
......'..........##...#
......##########.# ...#
......# #.##...##
......# ####'#......
......# #...........
(.....# #...@w......
..)...# #...g.......
#.##### #...........
..# ............. ..#
............... .>####
............... #....#
####...........
####.### ############
....)..#


You could see a worm and a gnoll.

Vanquished Creatures
  2 gnolls
  An adder (D:2)
  A worm (D:3)
  2 ball pythons (D:1)
  4 bats
  6 endoplasms
  A giant cockroach (D:1)
  5 goblins
  8 hobgoblins
  4 jackals (D:2)
  4 kobolds
  A quokka (D:2)
  4 frilled lizards
  5 rats (D:1)
48 creatures vanquished.

Notes
Turn   | Place    | Note
-------+----------+-------------------------------------------
     0 | D:1      | heikuro the Formicid Fighter began the quest for the Orb.
     0 | D:1      | Reached XP level 1. HP: 18/18 MP: 1/1
   427 | D:1      | Found a faded altar of an unknown god.
   493 | D:1      | Reached XP level 2. HP: 24/24 MP: 2/2
   726 | D:1      | Reached XP level 3. HP: 29/29 MP: 3/3
  1202 | D:2      | Found Yrhiesic's Assorted Antiques.
  1320 | D:2      | You fall into a shaft and drop 1 floor!
  1403 | D:2      | Reached XP level 4. HP: 33/37 MP: 4/4
  1452 | D:2      | Found Viuh Sir's Antique Weapon Emporium.
  1634 | D:1      | Reached skill level 1 in Polearms
  1634 | D:1      | Reached skill level 4 in Armour
  1984 | D:2      | Found Qemey's Distillery.
  2072 | D:2      | Mangled by a gnoll

Illustrated notes

Levels and vault maps discovered:
D:1:      minmay_arrival_widening_spiral_narrow, layout_loops_ring,
          dreamdust_ecumenical_altar_hidden_monk_grotto,
          minmay_misc_feat_secret_circle, minmay_tall_x
D:2:      layout_basic, serial_shops, nicolae_shop_statue_plus, shop,
          nicolae_diamond_shop, uniq_crazy_yiuf_cottage
D:3:      cheibrodos_pilgrimage, layout_rooms, mainiacjoe_overflow_catwalk

Skill      XL: |  1  2  3  4 |
---------------+-------------+-----
Axes           | 3 |  3.2
Polearms       | 1 |  1.1
Armour         | 4 |  4.0
Fighting       | |  3.9
Shields        | |  3.6

Action                   |  1- 3 |  4- 6 || total
-------------------------+-------+-------++-------
Melee: War axe           |    92 |    37 ||   129
Armor: Scale mail        |    41 |    12 ||    53
Dodge: Dodged            |    44 |    18 ||    62
Block: Buckler           |    20 |     6 ||    26

Table legend: (Time is in decaauts)
 A = Elapsed time spent in this place.
 B = Non-inter-level travel time spent in this place.
 C = Inter-level travel time spent in this place.
 D = Time resting spent in this place.
 E = Time spent auto-exploring this place.
 F = Levels seen in this place.
 G = Mean time per level.
                   A        B        C        D        E       F      G
               +--------+--------+--------+--------+--------+-----+--------+
         Total |   2121 |   2059 |     62 |    283 |   1319 |   3 |  707.0 |
       Dungeon |   2121 |   2059 |     62 |    283 |   1319 |   3 |  707.0 |
               +--------+--------+--------+--------+--------+-----+--------+

Top non-repeatable levels by time:
     D:1: 1152 daAuts
     D:2: 890 daAuts
     D:3: 78 daAuts
